Capitals vs Lightning

Created - December 29, 2021 at 19:14

Goals
1 2 3 T
Capitals 1 1 0 2
Lightning 3 0 1 4
Shots
1 2 3 T
Capitals 14 21 6 41
Lightning 13 5 14 32

1st period

1. Lightning , Kyle Clifford 7 (Brandon Sutter 6) at 0:35
2. Lightning , Brent Seabrook 1 (Nathan Gerbe 1) at 0:58
3. Capitals , Jason Pominville 3 (Jamie Benn 6, Derek Roy 3) at 1:16
4. Lightning , Mark Scheifele 6 (Shayne Gostisbehere 8, Tyler Toffoli 2) at 11:48

Penalties :
Cameron Gaunce (Was) for Charging (Minor) at 7:10, Jason Pominville (Was) for Goalie Interference (Minor) at 11:51, Mark Scheifele (T.B) for Roughing (Minor) at 16:36

2nd period

5. Capitals , Mike Green 2 (Mark Stone 2, Victor Hedman 3) at 8:09 (PP)

Penalties :
Mark Scheifele (T.B) for Roughing (Minor) at 2:39, Mark Scheifele (T.B) for Hooking (Minor) at 7:11, Mike Green (Was) for Tripping (Minor) at 14:46

3rd period

6. Lightning , Conor Sheary 3 (Jimmy Vesey 3, Oscar Sundqvist 2) at 15:50

Penalties :
Jason Pominville (Was) for Goalie Interference (Minor) at 4:20, Blake Pietila (Was) for Cross-checking (Minor) at 8:28, James Neal (T.B) for Cross-checking (Minor) at 11:44

Goalie Stats

Marc-André Fleury (Was), 28 saves from 32 shots - (0.875), L, 2-6-1, 60:00 minutes
Alex Nedeljkovic (T.B), 39 saves from 41 shots - (0.951), W, 3-1-0, 60:00 minutes

Players Stats for Capitals

Player Name              G  A  P  +/- PIM S  H  SB GA TA FO     MP     PP MP  PK MP  
------------------------------------------------------------------------------------
Alexei Marchenko         0  0  0  -1  0   0  1  1  0  0  0/0    19:17   2:11   6:12 
Blake Pietila            0  0  0  -2  2   4  0  1  0  0  0/0    14:00   0:00   1:38 
Brayden Point            0  0  0  -2  0   1  1  0  0  1  6/16   17:47   4:18   1:09 
Brent Burns              0  0  0  -1  0   4  0  2  0  0  0/0    22:01   2:11   4:59 
Cameron Gaunce           0  0  0  -1  2   1  0  1  0  0  0/0    13:51   0:00   0:47 
Derek Roy                0  1  1   0  0   4  2  0  1  0  13/35  20:42   2:37   5:43 
Dustin Brown             0  0  0  -1  0   4  2  1  0  0  0/1    11:07   0:00   3:03 
Jamie Benn               0  1  1   0  0   2  3  0  0  0  0/0    16:48   4:18   0:00 
Jared Spurgeon           0  0  0  -1  0   0  0  0  0  0  0/0    10:53   0:00   1:18 
Jason Pominville         1  0  1   0  4   3  2  0  0  1  0/0    15:06   2:37   0:00 
Joe Pavelski             0  0  0  -1  0   0  0  0  0  0  1/1    12:44   0:00   5:14 
Mark Stone               0  1  1   0  0   2  2  0  0  0  1/1    14:45   4:18   0:00 
Mike Green               1  0  1  -1  2   3  0  1  0  2  0/0    27:39   4:44   4:09 
Patrick Sharp            0  0  0   0  0   2  0  0  0  0  0/0    10:41   0:00   0:00 
Ryan Getzlaf             0  0  0  -1  0   5  0  0  1  1  1/3    13:16   2:37   3:03 
Sean Monahan             0  0  0   0  0   3  0  0  0  0  6/11   10:41   0:00   0:00 
T.J. Oshie               0  0  0  -2  0   1  0  0  1  0  0/0    12:19   0:00   0:00 
Victor Hedman            0  1  1  -1  0   2  0  1  1  1  0/0    26:23   4:44   2:25 

Players Stats for Lightning

Player Name              G  A  P  +/- PIM S  H  SB GA TA FO     MP     PP MP  PK MP  
------------------------------------------------------------------------------------
Brandon Sutter           0  1  1   0  0   2  1  0  0  0  4/7    17:36   3:26   2:39 
Brent Seabrook           1  0  1   1  0   6  0  0  0  0  0/0    17:25   0:00   2:17 
Cody Goloubef            0  0  0   1  0   0  0  0  0  0  0/0    11:55   1:08   0:00 
Conor Sheary             1  0  1   1  0   2  1  0  0  0  1/1    14:07   3:26   0:00 
James Neal               0  0  0   0  2   1  1  0  0  0  0/1    12:08   0:00   0:00 
Jesper Fast              0  0  0   1  0   1  0  0  0  0  1/1     9:35   0:20   0:00 
Jimmy Vesey              0  1  1   1  0   0  1  1  0  0  1/6    14:30   0:20   3:00 
Joni Pitkanen            0  0  0   1  0   1  2  0  0  1  0/0    15:07   4:38   0:00 
Justin Schultz           0  0  0   1  0   1  3  3  0  0  0/0    20:37   3:30   2:17 
Kevin Shattenkirk        0  0  0   1  0   0  1  3  1  1  0/0    27:28   5:17   4:38 
Kyle Clifford            1  0  1   0  0   5  2  0  0  2  0/0    19:20   3:26   4:13 
Mark Scheifele           1  0  1   1  6   7  1  0  0  0  26/36  18:32   6:09   1:12 
Nathan Gerbe             0  1  1   1  0   1  0  0  0  0  2/4    10:26   0:20   0:50 
Nick Bjugstad            0  0  0   1  0   1  1  0  2  0  1/1    17:13   6:09   0:00 
Ondrej Palat             0  0  0   1  0   2  0  0  1  0  0/0    10:15   0:00   1:00 
Oscar Sundqvist          0  1  1   1  0   0  1  0  0  0  3/8    11:10   0:00   0:00 
Shayne Gostisbehere      0  1  1   1  0   1  0  0  1  0  0/0    27:28   5:17   4:38 
Tyler Toffoli            0  1  1   1  0   1  0  0  1  0  1/3    18:09   6:09   0:56 

3 Stars

1 - Alex Nedeljkovic (T.B)
2 - Conor Sheary (T.B)
3 - Brent Seabrook (T.B)

Power Play

Capitals - 1 on 4 Attempt(s) - 25.00%
Lightning - 0 on 5 Attempt(s) - 0.00%

Penalty Kill

Capitals - 5 on 5 Attempt(s) - 100.00% - Score 0 goal in Penalty Kill
Lightning - 3 on 4 Attempt(s) - 75.00% - Score 0 goal in Penalty Kill

Team Stat

Capitals - Hits : 13 - Faceoff Wins : 28 - Blocked Shots : 8 - Penalty Minutes : 10
Lightning - Hits : 15 - Faceoff Wins : 40 - Blocked Shots : 7 - Penalty Minutes : 8

Official

Referees : Jean Hebert and Kevin Pollock
Linesman : Brandon Gawryletz and Brian Mach

Game Notes

No Game Note

Finance

Level 1 -- Attendance: 6000 (100.00%) -- Ticket Income $600,000
Level 2 -- Attendance: 4734 (94.68%) -- Ticket Income $284,040
Level 3 -- Attendance: 1995 (99.75%) -- Ticket Income $69,825
Level 4 -- Attendance: 4000 (100.00%) -- Ticket Income $100,000
Luxury Box -- Attendance: 972 (97.20%) -- Ticket Income $194,400
Game was played at the Amalie Arena.
Total Attendance: 17701 (98.34%)
Total Ticket Income: $1,248,265
Other Income: $187,240
Total Income: $1,435,505

Capitals

5 vs 5 Forward 
   Center                   Left Wing                Right Wing               Time % Phy DF OF 
 1 Derek Roy                Jamie Benn               Jason Pominville         40     1   2  2  
 2 Brayden Point            Blake Pietila            T.J. Oshie               30     1   1  3  
 3 Sean Monahan             Patrick Sharp            Mark Stone               20     1   2  2  
 4 Ryan Getzlaf             Dustin Brown             Joe Pavelski             10     1   3  1  

5 vs 5 Defense 
   Defense                  Defense                                           Time % Phy DF OF 
 1 Victor Hedman            Mike Green                                        40     1   2  2  
 2 Brent Burns              Cameron Gaunce                                    30     1   2  2  
 3 Alexei Marchenko         Jared Spurgeon                                    20     1   3  1  
 4 Victor Hedman            Mike Green                                        10     1   1  3  

PowerPlay Forward 
   Center                   Left Wing                Right Wing               Time % Phy DF OF 
 1 Brayden Point            Jamie Benn               Mark Stone               60     1   1  3  
 2 Derek Roy                Ryan Getzlaf             Jason Pominville         40     1   1  3  

PowerPlay Defense
   Defense                  Defense                                           Time % Phy DF OF 
 1 Mike Green               Victor Hedman                                     60     1   2  2  
 2 Brent Burns              Alexei Marchenko                                  40     1   2  2  

Penalty Kill 4 Players Forward 
   Center                   Wing                     Time % Phy DF OF 
 1 Derek Roy                Joe Pavelski             60     1   3  1  
 2 Ryan Getzlaf             Dustin Brown             40     1   3  1  

Penalty Kill 4 Players Defense
   Defense                  Defense                  Time % Phy DF OF 
 1 Mike Green               Alexei Marchenko         60     1   3  1  
 2 Victor Hedman            Brent Burns              40     1   3  1  

Penalty Kill - 3 Players Forward 
   Forward                                           Time % Phy DF OF 
 1 Derek Roy                                         60     1   2  2  
 2 Ryan Getzlaf                                      40     1   2  2  

Penalty Kill - 3 Players Defense
   Defense                  Defense                  Time % Phy DF OF 
 1 Mike Green               Brent Burns              60     1   2  2  
 2 Victor Hedman            Alexei Marchenko         40     1   2  2  

4 vs 4 Forward 
   Center                   Wing                     Time % Phy DF OF 
 1 Derek Roy                Jason Pominville         60     1   2  2  
 2 Brayden Point            Mark Stone               40     1   2  2  

4 vs 4 Defense
   Defense                  Defense                  Time % Phy DF OF 
 1 Mike Green               Brent Burns              60     1   2  2  
 2 Victor Hedman            Alexei Marchenko         40     1   2  2  

Last Minutes Offensive
   Center                   Left Wing                Right Wing               Defense                  Defense                  
   Derek Roy                Brayden Point            Mark Stone               Mike Green               Victor Hedman            

Last Minutes Defensive
   Center                   Left Wing                Right Wing               Defense                  Defense                  
   Derek Roy                Ryan Getzlaf             Joe Pavelski             Mike Green               Alexei Marchenko         

Goaltenders
Starting : Marc-André Fleury        
Backup : Keith Kinkaid            

Extra Forwards
Normal : Brayden Point, Mark Stone, Jason Pominville - PP : Brayden Point, Mark Stone - PK : Derek Roy
Extra Defensemen
Normal : Mike Green, Victor Hedman, Brent Burns - PP : Mike Green - PK : Mike Green, Alexei Marchenko
Penalty Shots
Brayden Point, Mike Green, Victor Hedman, Mark Stone, Patrick Sharp

Scratches
Michael Raffl (Healthy), Trevor Daley (Herniated Disc Injury), William Karlsson (Healthy)

Lightning

5 vs 5 Forward 
   Center                   Left Wing                Right Wing               Time % Phy DF OF 
 1 Mark Scheifele           Tyler Toffoli            Nick Bjugstad            40     1   2  2  
 2 Brandon Sutter           Kyle Clifford            James Neal               30     1   2  2  
 3 Oscar Sundqvist          Jimmy Vesey              Conor Sheary             20     1   2  2  
 4 Nathan Gerbe             Ondrej Palat             Jesper Fast              10     1   2  2  

5 vs 5 Defense 
   Defense                  Defense                                           Time % Phy DF OF 
 1 Kevin Shattenkirk        Shayne Gostisbehere                               45     1   2  2  
 2 Justin Schultz           Brent Seabrook                                    35     1   2  2  
 3 Joni Pitkanen            Cody Goloubef                                     15     1   2  2  
 4 Kevin Shattenkirk        Shayne Gostisbehere                               5      1   2  2  

PowerPlay Forward 
   Center                   Left Wing                Right Wing               Time % Phy DF OF 
 1 Mark Scheifele           Tyler Toffoli            Nick Bjugstad            60     1   1  3  
 2 Brandon Sutter           Kyle Clifford            Conor Sheary             40     1   1  3  

PowerPlay Defense
   Defense                  Defense                                           Time % Phy DF OF 
 1 Kevin Shattenkirk        Shayne Gostisbehere                               60     0   2  3  
 2 Justin Schultz           Joni Pitkanen                                     40     1   2  2  

Penalty Kill 4 Players Forward 
   Center                   Wing                     Time % Phy DF OF 
 1 Mark Scheifele           Kyle Clifford            60     1   2  2  
 2 Brandon Sutter           Tyler Toffoli            40     1   2  2  

Penalty Kill 4 Players Defense
   Defense                  Defense                  Time % Phy DF OF 
 1 Kevin Shattenkirk        Shayne Gostisbehere      60     1   2  2  
 2 Justin Schultz           Brent Seabrook           40     1   2  2  

Penalty Kill - 3 Players Forward 
   Forward                                           Time % Phy DF OF 
 1 Mark Scheifele                                    60     1   2  2  
 2 Brandon Sutter                                    40     1   2  2  

Penalty Kill - 3 Players Defense
   Defense                  Defense                  Time % Phy DF OF 
 1 Kevin Shattenkirk        Brent Seabrook           60     1   2  2  
 2 Justin Schultz           Shayne Gostisbehere      40     1   2  2  

4 vs 4 Forward 
   Center                   Wing                     Time % Phy DF OF 
 1 Mark Scheifele           Kyle Clifford            60     1   2  2  
 2 Brandon Sutter           Nick Bjugstad            40     1   2  2  

4 vs 4 Defense
   Defense                  Defense                  Time % Phy DF OF 
 1 Kevin Shattenkirk        Shayne Gostisbehere      60     1   2  2  
 2 Justin Schultz           Brent Seabrook           40     1   2  2  

Last Minutes Offensive
   Center                   Left Wing                Right Wing               Defense                  Defense                  
   Mark Scheifele           Kyle Clifford            Nick Bjugstad            Kevin Shattenkirk        Shayne Gostisbehere      

Last Minutes Defensive
   Center                   Left Wing                Right Wing               Defense                  Defense                  
   Mark Scheifele           Kyle Clifford            Nick Bjugstad            Kevin Shattenkirk        Justin Schultz           

Goaltenders
Starting : Alex Nedeljkovic         
Backup : Jimmy Howard             

Extra Forwards
Normal : Mark Scheifele, Kyle Clifford, Jimmy Vesey - PP : Brandon Sutter, Tyler Toffoli - PK : Jimmy Vesey
Extra Defensemen
Normal : Shayne Gostisbehere, Joni Pitkanen, Cody Goloubef - PP : Shayne Gostisbehere - PK : Cody Goloubef, Brent Seabrook
Penalty Shots
Kyle Clifford, Mark Scheifele, Conor Sheary, Nick Bjugstad, Jimmy Vesey

Scratches
Alex Killorn (Healthy), Colby Armstrong (Healthy)

% Time on Ice - Capitals

Lines # - Real PCT - Wanted PCT - Time Play
Normal Forward
1 - 29% - 40% - 12:34
2 - 29% - 30% - 12:25
3 - 25% - 20% - 10:41
4 - 17% - 10% - 7:30
Normal Defense
1 - 42% - 40% - 18:01
2 - 33% - 30% - 14:26
3 - 22% - 20% - 9:29
4 - 3% - 10% - 1:14
PP Forward
1 - 62% - 60% - 4:18
2 - 38% - 40% - 2:37
PP Defense
1 - 68% - 60% - 4:44
2 - 32% - 40% - 2:11
PK Forward
1 - 69% - 60% - 6:52
2 - 31% - 40% - 3:03
PK Defense
1 - 76% - 60% - 7:30
2 - 24% - 40% - 2:25
PK3 Forward
1 - 0% - 60%
2 - 0% - 40%
PK3 Defense
1 - 0% - 60%
2 - 0% - 40%
44 Forward
1 - 0% - 60%
2 - 0% - 40%
44 Defense
1 - 0% - 60%
2 - 0% - 40%
Last Minute Offensive  - 0:00
Last Minute Defensive  - 0:00
Total
Forward - 60:00
Defense - 60:00

% Time on Ice - Lightning

Lines # - Real PCT - Wanted PCT - Time Play
Normal Forward
1 - 26% - 40% - 11:14
2 - 27% - 30% - 11:31
3 - 26% - 20% - 11:10
4 - 21% - 10% - 9:15
Normal Defense
1 - 38% - 45% - 16:14
2 - 37% - 35% - 15:54
3 - 23% - 15% - 9:43
4 - 3% - 5% - 1:19
PP Forward
1 - 65% - 60% - 6:29
2 - 35% - 40% - 3:26
PP Defense
1 - 53% - 60% - 5:17
2 - 47% - 40% - 4:38
PK Forward
1 - 87% - 60% - 5:59
2 - 13% - 40% - 0:56
PK Defense
1 - 67% - 60% - 4:38
2 - 33% - 40% - 2:17
PK3 Forward
1 - 0% - 60%
2 - 0% - 40%
PK3 Defense
1 - 0% - 60%
2 - 0% - 40%
44 Forward
1 - 0% - 60%
2 - 0% - 40%
44 Defense
1 - 0% - 60%
2 - 0% - 40%
Last Minute Offensive  - 0:00
Last Minute Defensive  - 0:00
Total
Forward - 60:00
Defense - 60:00

Play-by-Play

1st period


0:01 of 1st period - Mark Scheifele wins face-off versus Derek Roy in neutral zone.
0:26 of 1st period - Victor Hedman is hit by James Neal and loses puck.
0:35 of 1st period - Wrist shot by Kyle Clifford.
0:35 of 1st period - Goal by Kyle Clifford - Capitals : 0 - Lightning : 1.
0:36 of 1st period - Sean Monahan wins face-off versus Oscar Sundqvist in neutral zone.
0:52 of 1st period - Slapshot by Brent Burns.
0:52 of 1st period - Deflect By Joni Pitkanen.
0:52 of 1st period - Stopped by Alex Nedeljkovic without a rebound.
0:53 of 1st period - Nathan Gerbe wins face-off versus Ryan Getzlaf in Lightning zone.
0:58 of 1st period - Snap shot by Brent Seabrook.
0:58 of 1st period - Goal by Brent Seabrook - Capitals : 0 - Lightning : 2.
0:59 of 1st period - Derek Roy wins face-off versus James Neal in neutral zone.
1:12 of 1st period - Snap shot by Derek Roy.
1:12 of 1st period - Stopped by Alex Nedeljkovic with a rebound.
1:14 of 1st period - Snap shot by Jamie Benn.
1:14 of 1st period - Shot Misses the Net.
1:16 of 1st period - Wrist shot by Jason Pominville.
1:16 of 1st period - Goal by Jason Pominville - Capitals : 1 - Lightning : 2.
1:17 of 1st period - Tyler Toffoli wins face-off versus Brayden Point in neutral zone.
2:08 of 1st period - Slapshot by Conor Sheary.
2:08 of 1st period - Shot Misses the Net.
2:10 of 1st period - Slapshot by Brent Seabrook.
2:10 of 1st period - Stopped by Marc-André Fleury without a rebound.
2:11 of 1st period - Derek Roy wins face-off versus Oscar Sundqvist in Capitals zone.
2:34 of 1st period - Snap shot by Brent Burns.
2:34 of 1st period - Deflect By Conor Sheary.
2:34 of 1st period - Stopped by Alex Nedeljkovic without a rebound.
2:35 of 1st period - Mark Scheifele wins face-off versus Sean Monahan in Lightning zone.
3:09 of 1st period - Slapshot by Brent Burns.
3:09 of 1st period - Stopped by Alex Nedeljkovic with a rebound.
3:11 of 1st period - Wrist shot by Blake Pietila.
3:11 of 1st period - Stopped by Alex Nedeljkovic with a rebound.
3:53 of 1st period - Icing by Ryan Getzlaf.
3:54 of 1st period - Mark Scheifele wins face-off versus Dustin Brown in Capitals zone.
4:01 of 1st period - Backhand shot by Dustin Brown.
4:01 of 1st period - Stopped by Alex Nedeljkovic without a rebound.
4:02 of 1st period - Mark Scheifele wins face-off versus Brayden Point in Lightning zone.
4:09 of 1st period - Snap shot by Blake Pietila.
4:09 of 1st period - Stopped by Alex Nedeljkovic without a rebound.
4:10 of 1st period - Brayden Point wins face-off versus Brandon Sutter in Lightning zone.
4:39 of 1st period - Snap shot by Kyle Clifford.
4:39 of 1st period - Stopped by Marc-André Fleury with a rebound.
4:43 of 1st period - Snap shot by Kyle Clifford.
4:43 of 1st period - Shot Misses the Net.
4:45 of 1st period - Slapshot by Brent Seabrook.
4:45 of 1st period - Stopped by Marc-André Fleury with a rebound.
4:47 of 1st period - Slapshot by Brent Seabrook.
4:47 of 1st period - Stopped by Marc-André Fleury with a rebound.
4:49 of 1st period - Slapshot by Justin Schultz.
4:49 of 1st period - Stopped by Marc-André Fleury with a rebound.
6:53 of 1st period - Off-side.
6:54 of 1st period - Derek Roy wins face-off versus Mark Scheifele in neutral zone.
7:10 of 1st period - Minor Penalty to Cameron Gaunce for Charging.
7:11 of 1st period - Mark Scheifele wins face-off versus Derek Roy in Capitals zone.
7:14 of 1st period - Snap shot by Mark Scheifele.
7:14 of 1st period - Stopped by Marc-André Fleury without a rebound.
7:15 of 1st period - Mark Scheifele wins face-off versus Derek Roy in Capitals zone.
7:20 of 1st period - Wrist shot by Mark Scheifele.
7:20 of 1st period - Stopped by Marc-André Fleury with a rebound.
7:22 of 1st period - Snap shot by Mark Scheifele.
7:22 of 1st period - Shot Misses the Net.
8:05 of 1st period - Slapshot by Joni Pitkanen.
8:05 of 1st period - Shot Misses the Net.
8:13 of 1st period - Snap shot by Jimmy Vesey.
8:13 of 1st period - Shot Blocked by Alexei Marchenko.
8:32 of 1st period - Icing by Tyler Toffoli.
8:33 of 1st period - Mark Scheifele wins face-off versus Derek Roy in Lightning zone.
9:10 of 1st period - Penalty to Cameron Gaunce is over, Cameron Gaunce is back on ice.
9:13 of 1st period - Wrist shot by Nick Bjugstad.
9:13 of 1st period - Shot Hit the Post.
9:15 of 1st period - Slapshot by Mark Scheifele.
9:15 of 1st period - Stopped by Marc-André Fleury without a rebound.
9:16 of 1st period - Conor Sheary wins face-off versus Sean Monahan in Capitals zone.
9:42 of 1st period - Shayne Gostisbehere is hit by Jamie Benn and loses puck.
10:07 of 1st period - Brent Seabrook is hit by Dustin Brown.
11:28 of 1st period - Wrist shot by Jason Pominville.
11:28 of 1st period - Stopped by Alex Nedeljkovic with a rebound.
11:30 of 1st period - Snap shot by Mike Green.
11:30 of 1st period - Deflect By Kevin Shattenkirk.
11:30 of 1st period - Stopped by Alex Nedeljkovic without a rebound.
11:31 of 1st period - Nick Bjugstad wins face-off versus Derek Roy in Lightning zone.
11:44 of 1st period - Snap shot by Tyler Toffoli.
11:44 of 1st period - Stopped by Marc-André Fleury with a rebound.
11:46 of 1st period - Slapshot by Shayne Gostisbehere.
11:46 of 1st period - Shot Misses the Net.
11:48 of 1st period - Wrist shot by Mark Scheifele.
11:48 of 1st period - Goal by Mark Scheifele - Capitals : 1 - Lightning : 3.
11:49 of 1st period - Derek Roy wins face-off versus Mark Scheifele in neutral zone.
11:51 of 1st period - Minor Penalty to Jason Pominville for Goalie Interference.
11:52 of 1st period - Mark Scheifele wins face-off versus Derek Roy in Capitals zone.
12:56 of 1st period - Tyler Toffoli is hit by Dustin Brown and loses puck.
13:51 of 1st period - Penalty to Jason Pominville is over, Jason Pominville is back on ice.
14:22 of 1st period - Slapshot by Brent Seabrook.
14:22 of 1st period - Shot Blocked by Blake Pietila.
14:36 of 1st period - Jason Pominville is hit by Jimmy Vesey and loses puck.
16:01 of 1st period - Joni Pitkanen is hit by Alexei Marchenko.
16:33 of 1st period - Snap shot by T.J. Oshie.
16:33 of 1st period - Stopped by Alex Nedeljkovic without a rebound.
16:34 of 1st period - Mark Scheifele wins face-off versus Derek Roy in Lightning zone.
16:36 of 1st period - Minor Penalty to Mark Scheifele for Roughing.
16:37 of 1st period - Mark Stone wins face-off versus Jimmy Vesey in Lightning zone.
16:43 of 1st period - Slapshot by Victor Hedman.
16:43 of 1st period - Stopped by Alex Nedeljkovic with a rebound.
16:45 of 1st period - Slapshot by Victor Hedman.
16:45 of 1st period - Shot Misses the Net.
16:51 of 1st period - Snap shot by Jamie Benn.
16:51 of 1st period - Shot Blocked by Kevin Shattenkirk.
16:53 of 1st period - Slapshot by Mike Green.
16:53 of 1st period - Stopped by Alex Nedeljkovic without a rebound.
16:54 of 1st period - Jimmy Vesey wins face-off versus Brayden Point in Lightning zone.
18:01 of 1st period - Alexei Marchenko is hit by Justin Schultz.
18:36 of 1st period - Penalty to Mark Scheifele is over, Mark Scheifele is back on ice.
19:30 of 1st period - Icing by Shayne Gostisbehere.
19:31 of 1st period - Brayden Point wins face-off versus Nathan Gerbe in Lightning zone.
19:32 of 1st period - Snap shot by Blake Pietila.
19:32 of 1st period - Stopped by Alex Nedeljkovic with a rebound.
19:44 of 1st period - Wrist shot by Ondrej Palat.
19:44 of 1st period - Stopped by Marc-André Fleury without a rebound.
19:45 of 1st period - Mark Scheifele wins face-off versus Derek Roy in Capitals zone.
Goals for this period are 1 for Capitals vs 3 for Lightning.
Shots for this period are 14 for Capitals vs 13 for Lightning.

2nd period


0:01 of 2nd period - Mark Scheifele wins face-off versus Derek Roy in neutral zone.
0:30 of 2nd period - Snap shot by James Neal.
0:30 of 2nd period - Deflect By Brandon Sutter.
0:30 of 2nd period - Stopped by Marc-André Fleury without a rebound.
0:31 of 2nd period - Derek Roy wins face-off versus Brandon Sutter in Capitals zone.
0:31 of 2nd period - Derek Roy is hit by Kyle Clifford.
0:39 of 2nd period - Wrist shot by James Neal.
0:39 of 2nd period - Stopped by Marc-André Fleury without a rebound.
0:40 of 2nd period - Derek Roy wins face-off versus Mark Scheifele in Capitals zone.
1:15 of 2nd period - Icing by Justin Schultz.
1:16 of 2nd period - Oscar Sundqvist wins face-off versus Sean Monahan in Lightning zone.
1:21 of 2nd period - Wrist shot by Conor Sheary.
1:21 of 2nd period - Shot Misses the Net.
1:41 of 2nd period - Mark Scheifele is hit by Brayden Point and loses puck.
2:08 of 2nd period - Snap shot by Dustin Brown.
2:08 of 2nd period - Stopped by Alex Nedeljkovic without a rebound.
2:09 of 2nd period - Ryan Getzlaf wins face-off versus Nathan Gerbe in Lightning zone.
2:20 of 2nd period - Wrist shot by Ryan Getzlaf.
2:20 of 2nd period - Stopped by Alex Nedeljkovic without a rebound.
2:21 of 2nd period - Mark Scheifele wins face-off versus Derek Roy in Lightning zone.
2:30 of 2nd period - Snap shot by Jamie Benn.
2:30 of 2nd period - Shot Blocked by Kevin Shattenkirk.
2:32 of 2nd period - Slapshot by Derek Roy.
2:32 of 2nd period - Stopped by Alex Nedeljkovic without a rebound.
2:33 of 2nd period - Derek Roy wins face-off versus Mark Scheifele in Lightning zone.
2:39 of 2nd period - Minor Penalty to Mark Scheifele for Roughing.
2:40 of 2nd period - Brayden Point wins face-off versus Jimmy Vesey in Lightning zone.
2:41 of 2nd period - Slapshot by Jamie Benn.
2:41 of 2nd period - Stopped by Alex Nedeljkovic with a rebound.
2:43 of 2nd period - Snap shot by Mike Green.
2:43 of 2nd period - Shot Blocked by Jimmy Vesey.
2:45 of 2nd period - Slapshot by Mark Stone.
2:45 of 2nd period - Deflect By Jamie Benn.
2:45 of 2nd period - Shot Misses the Net.
2:45 of 2nd period - Puck is out of play.
2:46 of 2nd period - Brayden Point wins face-off versus Jimmy Vesey in Lightning zone.
3:15 of 2nd period - Kevin Shattenkirk is hit by Jason Pominville and loses puck.
3:48 of 2nd period - Justin Schultz is hit by Jamie Benn.
4:39 of 2nd period - Penalty to Mark Scheifele is over, Mark Scheifele is back on ice.
4:55 of 2nd period - Slapshot by Patrick Sharp.
4:55 of 2nd period - Stopped by Alex Nedeljkovic without a rebound.
4:56 of 2nd period - Sean Monahan wins face-off versus Tyler Toffoli in Lightning zone.
5:19 of 2nd period - Snap shot by Jimmy Vesey.
5:19 of 2nd period - Shot Misses the Net.
5:21 of 2nd period - Snap shot by Conor Sheary.
5:21 of 2nd period - Shot Hit the Post.
5:27 of 2nd period - Slapshot by Conor Sheary.
5:27 of 2nd period - Stopped by Marc-André Fleury with a rebound.
5:37 of 2nd period - Slapshot by Brent Burns.
5:37 of 2nd period - Deflect By Brayden Point.
5:37 of 2nd period - Shot Misses the Net.
5:37 of 2nd period - Puck is out of play.
5:38 of 2nd period - Brandon Sutter wins face-off versus Brayden Point in Lightning zone.
6:03 of 2nd period - Brent Seabrook is hit by Derek Roy and loses puck.
6:28 of 2nd period - Icing by Jason Pominville.
6:29 of 2nd period - Mark Scheifele wins face-off versus Derek Roy in Capitals zone.
6:36 of 2nd period - Slapshot by Mark Scheifele.
6:36 of 2nd period - Shot Misses the Net.
6:56 of 2nd period - Slapshot by Victor Hedman.
6:56 of 2nd period - Stopped by Alex Nedeljkovic without a rebound.
6:57 of 2nd period - Sean Monahan wins face-off versus Oscar Sundqvist in Lightning zone.
6:58 of 2nd period - Wrist shot by Patrick Sharp.
6:58 of 2nd period - Stopped by Alex Nedeljkovic without a rebound.
6:59 of 2nd period - Mark Scheifele wins face-off versus Sean Monahan in Lightning zone.
7:11 of 2nd period - Minor Penalty to Mark Scheifele for Hooking.
7:12 of 2nd period - Brayden Point wins face-off versus Jimmy Vesey in Lightning zone.
7:18 of 2nd period - Slapshot by Brayden Point.
7:18 of 2nd period - Stopped by Alex Nedeljkovic with a rebound.
7:20 of 2nd period - Snap shot by Mark Stone.
7:20 of 2nd period - Stopped by Alex Nedeljkovic without a rebound.
7:21 of 2nd period - Brayden Point wins face-off versus Jimmy Vesey in Lightning zone.
7:44 of 2nd period - Jimmy Vesey is hit by Mark Stone and loses puck.
8:07 of 2nd period - Slapshot by Victor Hedman.
8:07 of 2nd period - Deflect By Mark Stone.
8:07 of 2nd period - Stopped by Alex Nedeljkovic with a rebound.
8:09 of 2nd period - Slapshot by Mike Green.
8:09 of 2nd period - Goal by Mike Green - Capitals : 2 - Lightning : 3.
8:10 of 2nd period - Joe Pavelski wins face-off versus Mark Scheifele in neutral zone.
8:21 of 2nd period - Ryan Getzlaf is hit by Nick Bjugstad and loses puck.
8:27 of 2nd period - Off-side.
8:28 of 2nd period - Brandon Sutter wins face-off versus Derek Roy in neutral zone.
8:33 of 2nd period - Wrist shot by Derek Roy.
8:33 of 2nd period - Shot Blocked by Kevin Shattenkirk.
9:18 of 2nd period - Off-side.
9:19 of 2nd period - Sean Monahan wins face-off versus Oscar Sundqvist in neutral zone.
9:21 of 2nd period - Brent Burns is hit by Justin Schultz and loses puck.
9:26 of 2nd period - Wrist shot by Sean Monahan.
9:26 of 2nd period - Shot Blocked by Justin Schultz.
9:28 of 2nd period - Slapshot by Brent Burns.
9:28 of 2nd period - Shot Misses the Net.
9:30 of 2nd period - Slapshot by Cameron Gaunce.
9:30 of 2nd period - Shot Blocked by Justin Schultz.
9:36 of 2nd period - Snap shot by Mark Stone.
9:36 of 2nd period - Shot Blocked by Justin Schultz.
9:38 of 2nd period - Slapshot by Brent Burns.
9:38 of 2nd period - Stopped by Alex Nedeljkovic without a rebound.
9:39 of 2nd period - Mark Scheifele wins face-off versus Derek Roy in Lightning zone.
10:15 of 2nd period - Snap shot by Blake Pietila.
10:15 of 2nd period - Shot Misses the Net.
10:52 of 2nd period - Off-side.
10:53 of 2nd period - Nathan Gerbe wins face-off versus Ryan Getzlaf in neutral zone.
11:20 of 2nd period - Slapshot by Ryan Getzlaf.
11:20 of 2nd period - Deflect By Joni Pitkanen.
11:20 of 2nd period - Stopped by Alex Nedeljkovic with a rebound.
11:22 of 2nd period - Snap shot by Dustin Brown.
11:22 of 2nd period - Stopped by Alex Nedeljkovic with a rebound.
11:24 of 2nd period - Wrist shot by Ryan Getzlaf.
11:24 of 2nd period - Shot Misses the Net.
11:26 of 2nd period - Wrist shot by Cameron Gaunce.
11:26 of 2nd period - Stopped by Alex Nedeljkovic with a rebound.
12:02 of 2nd period - Snap shot by Ryan Getzlaf.
12:02 of 2nd period - Stopped by Alex Nedeljkovic with a rebound.
13:04 of 2nd period - Snap shot by Ryan Getzlaf.
13:04 of 2nd period - Deflect By Nathan Gerbe.
13:04 of 2nd period - Stopped by Alex Nedeljkovic without a rebound.
13:05 of 2nd period - Derek Roy wins face-off versus Mark Scheifele in Lightning zone.
13:08 of 2nd period - Snap shot by Jamie Benn.
13:08 of 2nd period - Deflect By Derek Roy.
13:08 of 2nd period - Stopped by Alex Nedeljkovic without a rebound.
13:09 of 2nd period - Mark Scheifele wins face-off versus Derek Roy in Lightning zone.
14:15 of 2nd period - Derek Roy is hit by Kevin Shattenkirk and loses puck.
14:46 of 2nd period - Minor Penalty to Mike Green for Tripping.
14:47 of 2nd period - Derek Roy wins face-off versus Tyler Toffoli in Capitals zone.
14:47 of 2nd period - Derek Roy is hit by Joni Pitkanen.
15:00 of 2nd period - Off-side.
15:01 of 2nd period - Derek Roy wins face-off versus Mark Scheifele in neutral zone.
15:32 of 2nd period - Brent Burns is hit by Conor Sheary and loses puck.
16:46 of 2nd period - Penalty to Mike Green is over, Mike Green is back on ice.
17:29 of 2nd period - Snap shot by T.J. Oshie.
17:29 of 2nd period - Shot Misses the Net.
18:02 of 2nd period - Snap shot by Joe Pavelski.
18:02 of 2nd period - Shot Hit the Post.
18:21 of 2nd period - Justin Schultz is hit by Jason Pominville and loses puck.
18:42 of 2nd period - Slapshot by Blake Pietila.
18:42 of 2nd period - Stopped by Alex Nedeljkovic with a rebound.
19:12 of 2nd period - Snap shot by Ryan Getzlaf.
19:12 of 2nd period - Stopped by Alex Nedeljkovic with a rebound.
19:14 of 2nd period - Wrist shot by Dustin Brown.
19:14 of 2nd period - Stopped by Alex Nedeljkovic with a rebound.
19:24 of 2nd period - Kevin Shattenkirk is hit by Jamie Benn and loses puck.
19:39 of 2nd period - Slapshot by Shayne Gostisbehere.
19:39 of 2nd period - Shot Misses the Net.
19:45 of 2nd period - Slapshot by Shayne Gostisbehere.
19:45 of 2nd period - Deflect By Derek Roy.
19:45 of 2nd period - Stopped by Marc-André Fleury with a rebound.
19:47 of 2nd period - Snap shot by Jesper Fast.
19:47 of 2nd period - Stopped by Marc-André Fleury with a rebound.
Goals for this period are 1 for Capitals vs 0 for Lightning.
Shots for this period are 21 for Capitals vs 5 for Lightning.

3rd period


0:01 of 3rd period - Derek Roy wins face-off versus Mark Scheifele in neutral zone.
0:06 of 3rd period - Snap shot by Derek Roy.
0:06 of 3rd period - Stopped by Alex Nedeljkovic with a rebound.
3:13 of 3rd period - Cameron Gaunce is hit by Kyle Clifford and loses puck.
3:50 of 3rd period - Wrist shot by Nick Bjugstad.
3:50 of 3rd period - Shot Blocked by Cameron Gaunce.
3:56 of 3rd period - Snap shot by Tyler Toffoli.
3:56 of 3rd period - Shot Misses the Net.
3:58 of 3rd period - Wrist shot by Tyler Toffoli.
3:58 of 3rd period - Shot Misses the Net.
4:00 of 3rd period - Snap shot by Brent Seabrook.
4:00 of 3rd period - Stopped by Marc-André Fleury without a rebound.
4:01 of 3rd period - Derek Roy wins face-off versus Brandon Sutter in Capitals zone.
4:06 of 3rd period - Kyle Clifford is hit by Derek Roy and loses puck.
4:20 of 3rd period - Minor Penalty to Jason Pominville for Goalie Interference.
4:21 of 3rd period - Mark Scheifele wins face-off versus Derek Roy in Capitals zone.
4:33 of 3rd period - Snap shot by Mark Scheifele.
4:33 of 3rd period - Stopped by Marc-André Fleury with a rebound.
4:35 of 3rd period - Snap shot by Tyler Toffoli.
4:35 of 3rd period - Shot Misses the Net.
4:53 of 3rd period - Snap shot by Kyle Clifford.
4:53 of 3rd period - Shot Misses the Net.
6:12 of 3rd period - Ryan Getzlaf is hit by Joni Pitkanen and loses puck.
6:20 of 3rd period - Penalty to Jason Pominville is over, Jason Pominville is back on ice.
6:57 of 3rd period - Mark Stone is hit by Oscar Sundqvist and loses puck.
7:57 of 3rd period - Wrist shot by Jason Pominville.
7:57 of 3rd period - Stopped by Alex Nedeljkovic with a rebound.
8:11 of 3rd period - Snap shot by Jesper Fast.
8:11 of 3rd period - Deflect By Ondrej Palat.
8:11 of 3rd period - Shot Misses the Net.
8:11 of 3rd period - Puck is out of play.
8:12 of 3rd period - Jesper Fast wins face-off versus Brayden Point in Capitals zone.
8:13 of 3rd period - Slapshot by Ondrej Palat.
8:13 of 3rd period - Stopped by Marc-André Fleury with a rebound.
8:15 of 3rd period - Backhand shot by Nathan Gerbe.
8:15 of 3rd period - Shot Misses the Net.
8:17 of 3rd period - Snap shot by Nathan Gerbe.
8:17 of 3rd period - Deflect By Ondrej Palat.
8:17 of 3rd period - Shot Misses the Net.
8:17 of 3rd period - Puck is out of play.
8:18 of 3rd period - Mark Scheifele wins face-off versus Brayden Point in Capitals zone.
8:28 of 3rd period - Minor Penalty to Blake Pietila for Cross-checking.
8:29 of 3rd period - Derek Roy wins face-off versus Mark Scheifele in Capitals zone.
8:29 of 3rd period - Derek Roy is hit by Mark Scheifele.
9:00 of 3rd period - Snap shot by Kevin Shattenkirk.
9:00 of 3rd period - Shot Blocked by Mike Green.
9:02 of 3rd period - Slapshot by Kyle Clifford.
9:02 of 3rd period - Shot Blocked by Dustin Brown.
9:04 of 3rd period - Slapshot by Brandon Sutter.
9:04 of 3rd period - Stopped by Marc-André Fleury without a rebound.
9:05 of 3rd period - Mark Scheifele wins face-off versus Derek Roy in Capitals zone.
9:06 of 3rd period - Slapshot by Nick Bjugstad.
9:06 of 3rd period - Shot Blocked by Victor Hedman.
9:08 of 3rd period - Slapshot by Justin Schultz.
9:08 of 3rd period - Deflect By Nick Bjugstad.
9:08 of 3rd period - Shot Misses the Net.
9:08 of 3rd period - Puck is out of play.
9:09 of 3rd period - Mark Scheifele wins face-off versus Derek Roy in Capitals zone.
9:12 of 3rd period - Wrist shot by Mark Scheifele.
9:12 of 3rd period - Stopped by Marc-André Fleury without a rebound.
9:13 of 3rd period - Mark Scheifele wins face-off versus Derek Roy in Capitals zone.
9:16 of 3rd period - Snap shot by Nick Bjugstad.
9:16 of 3rd period - Stopped by Marc-André Fleury with a rebound.
9:22 of 3rd period - Wrist shot by Mark Scheifele.
9:22 of 3rd period - Stopped by Marc-André Fleury without a rebound.
9:23 of 3rd period - Mark Scheifele wins face-off versus Derek Roy in Capitals zone.
10:28 of 3rd period - Penalty to Blake Pietila is over, Blake Pietila is back on ice.
10:45 of 3rd period - Snap shot by Jesper Fast.
10:45 of 3rd period - Shot Blocked by Brent Burns.
10:47 of 3rd period - Snap shot by Nathan Gerbe.
10:47 of 3rd period - Stopped by Marc-André Fleury with a rebound.
11:01 of 3rd period - Off-side.
11:02 of 3rd period - Mark Scheifele wins face-off versus Derek Roy in neutral zone.
11:38 of 3rd period - Backhand shot by Sean Monahan.
11:38 of 3rd period - Shot Misses the Net.
11:44 of 3rd period - Minor Penalty to James Neal for Cross-checking.
11:45 of 3rd period - Mark Scheifele wins face-off versus Brayden Point in Lightning zone.
11:58 of 3rd period - Wrist shot by Mark Stone.
11:58 of 3rd period - Shot Misses the Net.
12:00 of 3rd period - Slapshot by Victor Hedman.
12:00 of 3rd period - Shot Misses the Net.
12:28 of 3rd period - Icing by Mike Green.
12:29 of 3rd period - Mark Scheifele wins face-off versus Derek Roy in Capitals zone.
12:30 of 3rd period - Wrist shot by Kyle Clifford.
12:30 of 3rd period - Stopped by Marc-André Fleury without a rebound.
12:31 of 3rd period - Mark Scheifele wins face-off versus Brayden Point in Capitals zone.
13:03 of 3rd period - Off-side.
13:04 of 3rd period - Brandon Sutter wins face-off versus Brayden Point in neutral zone.
13:44 of 3rd period - Penalty to James Neal is over, James Neal is back on ice.
14:20 of 3rd period - Brayden Point is hit by Justin Schultz and loses puck.
14:27 of 3rd period - Wrist shot by Mark Scheifele.
14:27 of 3rd period - Shot Blocked by Brent Burns.
15:05 of 3rd period - Snap shot by Sean Monahan.
15:05 of 3rd period - Stopped by Alex Nedeljkovic without a rebound.
15:06 of 3rd period - Oscar Sundqvist wins face-off versus Sean Monahan in Lightning zone.
15:06 of 3rd period - Oscar Sundqvist is hit by Mark Stone.
15:20 of 3rd period - Slapshot by Joni Pitkanen.
15:20 of 3rd period - Stopped by Marc-André Fleury with a rebound.
15:50 of 3rd period - Slapshot by Conor Sheary.
15:50 of 3rd period - Goal by Conor Sheary - Capitals : 2 - Lightning : 4.
15:51 of 3rd period - Sean Monahan wins face-off versus Mark Scheifele in neutral zone.
16:24 of 3rd period - Victor Hedman is hit by Brandon Sutter and loses puck.
17:21 of 3rd period - Snap shot by Jamie Benn.
17:21 of 3rd period - Stopped by Alex Nedeljkovic without a rebound.
17:22 of 3rd period - Oscar Sundqvist wins face-off versus Derek Roy in Lightning zone.
17:28 of 3rd period - Off-side.
17:29 of 3rd period - Sean Monahan wins face-off versus Oscar Sundqvist in neutral zone.
18:20 of 3rd period - Slapshot by Sean Monahan.
18:20 of 3rd period - Stopped by Alex Nedeljkovic with a rebound.
18:30 of 3rd period - Slapshot by Sean Monahan.
18:30 of 3rd period - Stopped by Alex Nedeljkovic with a rebound.
19:29 of 3rd period - Snap shot by Brent Seabrook.
19:29 of 3rd period - Stopped by Marc-André Fleury without a rebound.
19:30 of 3rd period - Brandon Sutter wins face-off versus Brayden Point in Capitals zone.
19:43 of 3rd period - Wrist shot by Kyle Clifford.
19:43 of 3rd period - Stopped by Marc-André Fleury with a rebound.
19:45 of 3rd period - Slapshot by Kyle Clifford.
19:45 of 3rd period - Stopped by Marc-André Fleury with a rebound.
Goals for this period are 0 for Capitals vs 1 for Lightning.
Shots for this period are 6 for Capitals vs 14 for Lightning.